 Dungeon Crawl Stone Soup version 0.32-a0-938-g40ac7a0f4d (webtiles) character file.

Game seed: 2334070160206845042

66 LadyBoffin the Vexing (level 3, -1/20 HPs)
             Began as a Deep Elf Hexslinger on Apr 15, 2024.
             Slain by an iguana (10 damage)
             ... on level 3 of the Dungeon.
             The game lasted 00:08:53 (1218 turns).

LadyBoffin the Vexing (Deep Elf Hexslinger)         Turns: 1218, Time: 00:08:54

Health: -1/20      AC:  4    Str:  5    XL:     3   Next: 96%
Magic:  0/8        EV: 11    Int: 19    God:
Gold:   50         SH:  0    Dex: 17    Spells: 3/7 levels left

rFire   . . .        a - +1 sling
rCold   . . .        (no shield)
rNeg    . . .        f - +0 leather armour
rPois   .            (no helmet)
rElec   .            h - +0 cloak
rCorr   .            (no gloves)
SInv    .            (no boots)
Will    .....        (no amulet)
Stlth   +            (no ring)
HPRegen 0.23/turn    (no ring)
MPRegen 0.11/turn

%: no passive effects
@: no status effects
A: no striking features
a: no special abilities


You were on level 3 of the Dungeon.
You visited 1 branch of the dungeon, and saw 3 of its levels.

You collected 50 gold pieces.

Inventory:

Hand Weapons
 a - a +1 sling (weapon)
Armour
 c - a +0 robe
 f - a +0 leather armour (worn)
 h - a +0 cloak (worn)
Wands
 o - a wand of roots (8)
Scrolls
 b - a scroll of poison
 d - 2 scrolls of fog {unknown}
 e - a scroll of immolation {unknown}
 i - a scroll of identify {unknown}
 l - a scroll of acquirement {unknown}
 m - a scroll of amnesia {unknown}
Potions
 g - a potion of lignification {unknown}
 j - a potion of haste {unknown}
 k - a potion of heal wounds {unknown}
 n - a potion of mutation {unknown}
 p - 2 potions of curing


   Skills:
 + Level 1.3 Fighting
 + Level 3.3 Ranged Weapons
 + Level 3.1 Dodging
 + Level 2.5 Spellcasting
 + Level 4.4 Hexes
 + Level 1.9 Fire Magic


You had 3 spell levels left.
You knew the following spells:

 Your Spells              Type           Power      Damage    Failure   Level
a - Jinxbite              Hex            38%        N/A       7%          2
b - Scorch                Fire           18%        2d5       19%         2

Your spell library contained the following spells:

 Spells                   Type           Power      Damage    Failure   Level
 Sigil of Binding         Hex            19%        N/A       13%         3
 Inner Flame              Hex/Fire       14%        N/A       22%         3
 Cause Fear               Hex            9%         N/A       41%         4
 Dimensional Bullseye     Hex/Tloc       5%         N/A       71%         4
 Flame Wave               Conj/Fire      6%         2d5       87%         4
 Summon Cactus Giant      Summ           1%         N/A       100%        6


Dungeon Overview and Level Annotations

Branches:
Dungeon (3/15)

Altars:


Message History

Found 2 potions of curing and a spear.
Found a stone staircase leading up.
There is a stone staircase leading up here.
Found 16 gold pieces.
p - 2 potions of curing An iguana comes into view.
A rat comes into view.
The iguana hisses angrily.
The rat squeaks loudly.
The iguana closely misses you. The iguana bites you.
The iguana attacks as it pursues you! The iguana bites you.
Casting: Jinxbite (safe; 7% risk of failure)
Confirm with . or Enter, or press ? or * to list all spells.
Flames lash the iguana but do no damage.
Unknown command.
Casting: Scorch (safe; 19% risk of failure)
Confirm with . or Enter, or press ? or * to list all spells.
Flames lash the rat.
You kill the rat!
The iguana bites you.
Casting: Scorch (safe; 19% risk of failure)
Confirm with . or Enter, or press ? or * to list all spells.
Flames lash the iguana.
The iguana is heavily wounded.
The iguana's fire resistance burns away.
The iguana closely misses you.
Casting: Scorch (safe; 19% risk of failure)
Confirm with . or Enter, or press ? or * to list all spells.
Flames lash the iguana but do no damage.
The iguana misses you.
Casting: Scorch (safe; 19% risk of failure)
Confirm with . or Enter, or press ? or * to list all spells.
You don't have enough magic to cast this spell.
Fire: a) +1 sling
Press: ? - help, Q - select action, (/) - cycle Shift-Dir - straight line, f - iguana
Aim: an iguana (moderately wounded, more vulnerable to fire, 63% to hit)
You shoot a sling bullet. The sling bullet hits the iguana.
The iguana is heavily wounded.
The iguana barely misses you. The iguana bites you!
Ouch! That really hurt!
You die...

#.###
#...#
#.).#
#####<..#
.......<#
#.###...#
#...#
##.##
#@##
#.###l†#
#......#
#......#
#...$..#
#......#
#......#
..#####.#
##. .#


You could see an iguana (combustible).

Vanquished Creatures
  An adder (D:2)
  A dart slug (D:1)
  4 endoplasms
  3 giant cockroaches (D:2)
  7 goblins
  3 hobgoblins
  6 jackals
  5 kobolds
  3 quokkas (D:1)
  5 ball pythons
  4 bats
  4 frilled lizards
  3 rats
49 creatures vanquished.

Notes
Turn   | Place    | Note
-------+----------+-------------------------------------------
     0 | D:1      | LadyBoffin the Deep Elf Hexslinger began the quest for the
                  | Orb.
     0 | D:1      | Reached XP level 1. HP: 11/11 MP: 5/5
   102 | D:1      | Reached XP level 2. HP: 16/16 MP: 7/7
   163 | D:1      | Reached skill level 1 in Fighting
   193 | D:1      | Learned a level 2 spell: Jinxbite
   458 | D:1      | Reached XP level 3. HP: 20/20 MP: 8/8
  1109 | D:2      | Learned a level 2 spell: Scorch
  1218 | D:3      | Slain by an iguana

Illustrated notes

Levels and vault maps discovered:
D:1:      lightli_arrival_chessboard, layout_basic
D:2:      layout_rooms
D:3:      layout_rooms, lemuel_round_altar, mainiacjoe_overflow_paths,
          mainiacjoe_overflow_alcove_2, minmay_misc_feat_roman, uniq_ijyb

Skill      XL: |  1  2  3 |
---------------+----------+-----
Spellcasting   | 2 |  2.5
Fighting       | 1 |  1.3
Ranged Weapons | 3 |  3.3
Dodging        | 3 |  3.1
Hexes          | |  4.4
Fire Magic     | |  1.9

Action                     || total
---------------------------++-------
   Fire: Sling             ||   143
   Cast: Jinxbite          ||     3
         Scorch            ||     4
  Evoke: Wand              ||     1
    Use: Potion            ||     1
 Armour: Robe              ||    57
         Leather armour    ||     4
  Dodge: Dodged            ||    78

Table legend: (Time is in decaauts)
 A = Elapsed time spent in this place.
 B = Non-inter-level travel time spent in this place.
 C = Inter-level travel time spent in this place.
 D = Time resting spent in this place.
 E = Time spent auto-exploring this place.
 F = Levels seen in this place.
 G = Mean time per level.
                   A        B        C        D        E       F      G
               +--------+--------+--------+--------+--------+-----+--------+
         Total |   1251 |   1251 |      0 |    230 |    417 |   3 |  417.0 |
       Dungeon |   1251 |   1251 |      0 |    230 |    417 |   3 |  417.0 |
               +--------+--------+--------+--------+--------+-----+--------+

Top non-repeatable levels by time:
     D:2: 625 daAuts
     D:1: 612 daAuts
     D:3: 13 daAuts
